 Dungeon Crawl Stone Soup version 0.28.0-47-ge53b351184 (webtiles) character file.

Game seed: 13790444531804837208

942 Peloso the Covered (level 7, -8/62 HPs)
             Began as a Minotaur Fighter on Apr 29, 2022.
             Mangled by an ogre
             ... wielding a +0 giant club
              (25 damage)
             ... on level 5 of the Dungeon.
             The game lasted 00:06:35 (4745 turns).

Peloso the Covered (Minotaur Fighter)               Turns: 4745, Time: 00:06:35

Health: -8/62      AC: 11    Str: 21    XL:     7   Next: 88%
Magic:  6/6        EV:  8    Int:  5    God:
Gold:   217        SH:  5    Dex: 11    Spells: 6/6 levels left

rFire   . . .      SeeInvis .   a - +0 long sword
rCold   . . .      Faith    .   c - +0 buckler
rNeg    . . .      Spirit   .   m - +0 chain mail
rPois   .          Reflect  .   (helmet restricted)
rElec   .          Harm     .   (no cloak)
rCorr   .          Rampage  .   f - +0 pair of gloves
Will    .....                   (no boots)
Stlth   ..........              (no amulet)
HPRegen 0.20/turn               (no ring)
MPRegen 0.10/turn               (no ring)

@: no status effects
A: horns 2, retaliatory headbutt
a: no special abilities


You were on level 5 of the Dungeon.
You visited 1 branch of the dungeon, and saw 5 of its levels.

You collected 217 gold pieces.

Inventory:

Hand Weapons
 a - a +0 long sword (weapon)
Armour
 b - a +0 scale mail
 c - a +0 buckler (worn)
 f - a +0 pair of gloves (worn)
 m - a +0 chain mail (worn)
Jewellery
 h - an amulet of magic regeneration
 i - a +6 ring of strength
Scrolls
 d - a scroll of amnesia {unknown}
 e - 5 scrolls of magic mapping
 g - a scroll of acquirement
 l - 2 scrolls of identify {unknown}
 q - a scroll of torment {unknown}
Potions
 j - 2 potions of haste
 k - 2 potions of curing {unknown}
 n - a potion of attraction {unknown}
 o - 2 potions of heal wounds {unknown}
 p - a potion of cancellation {unknown}


   Skills:
 + Level 5.8 Fighting
 + Level 6.4 Long Blades
 + Level 6.8 Armour
 + Level 2.1 Dodging
 + Level 0.4 Stealth
 + Level 5.4 Shields


You had 6 spell levels left.
You didn't know any spells.
Your spell library contained the following spells:

 Spells                   Type           Power      Damage    Failure   Level
 Animate Skeleton         Necr           0%         N/A       99%         1
 Apportation              Tloc           0%         N/A       99%         1
 Beastly Appendage        Tmut           0%         N/A       99%         1
 Summon Small Mammal      Summ           0%         N/A       99%         1
 Corpse Rot               Necr/Air       0%         N/A       100%        2
 Poisonous Vapours        Pois/Air       0%         N/A       100%        2
 Wereblood                Tmut           0%         N/A       100%        2
 Spider Form              Tmut/Pois      0%         N/A       100%        3
 Summon Guardian Golem    Hex/Summ       0%         N/A       100%        3
 Animate Armour           Summ/Erth      0%         N/A       100%        4
 Blade Hands              Tmut           0%         N/A       100%        5
 Iron Shot                Conj/Erth      0%         9d1       100%        6
 Orb of Destruction       Conj           0%         9d5       100%        7
 Spellforged Servitor     Conj/Summ      0%         N/A       100%        7


Dungeon Overview and Level Annotations

Branches:
Dungeon (5/15)
 Temple: D:4-7

Altars:
Elyvilon


Innate Abilities, Weirdness & Mutations

You have a pair of horns on your head.
You reflexively headbutt those who attack you in melee.


Message History

A jelly comes into view.
Found 9 gold pieces.
The jelly quivers.
A jelly is nearby!
A jelly is nearby!
A jelly is nearby!
Found 18 stones.
The jelly hits you but does no damage.
You slash the jelly!
Your hands burn!
The jelly is heavily wounded.
You block the jelly's attack.
You hit the jelly. The acid corrodes you!
Your hands burn!
The jelly is almost dead.
The jelly barely misses you.
You hit the jelly.
You kill the jelly!
You are no longer corroded.
You now have 217 gold pieces (gained 9).
You see here 18 stones.
Found 2 poisoned darts.
An ogre comes into view. It is wielding a +0 giant club.
Found an escape hatch in the floor.
The ogre shouts!
An ogre is nearby!
An ogre is nearby!
The ogre hits you with a +0 giant club!
You slash the ogre!
The ogre is heavily wounded.
The ogre hits you with a +0 giant club!!
You slash the ogre!
The ogre is severely wounded.
The ogre closely misses you.
You barely miss the ogre.
The ogre is severely wounded.
The ogre hits you with a +0 giant club!
* * * LOW HITPOINT WARNING * * *
You hit the ogre.
The ogre is almost dead.
The ogre hits you with a +0 giant club!!
You die...

#........#
.. #.#
#........#
#. #.#
#...)....#
#.######.###
#........#
#..#.......#
#.##.#####
#.........#
.....#
##.......(#
...###
#..#######
..#######
##.####
........#
#.@O>#
#.#####.#
####.#
.....# #
.....#
.....#
...### ....#
.....#
.....#


You could see an ogre.

Vanquished Creatures
  Eustachio (D:5)
  Duvessa (D:5)
  A hornet zombie (D:5)
  Blork the orc (D:4)
  A scorpion (D:5)
  Dowan (D:5)
  A howler monkey (D:4)
  2 jellies
  An orc priest (D:4)
  A bullfrog skeleton (D:5)
  An iguana (D:4)
  An orc wizard (D:4)
  2 hound skeletons (D:4)
  3 adders
  4 gnolls
  A white imp (D:4)
  A worm (D:2)
  A dart slug (D:1)
  3 orcs
  11 endoplasms
  11 giant cockroaches
  5 goblins
  16 hobgoblins
  14 jackals
  5 kobolds
  5 quokkas
  7 ball pythons
  7 bats
  3 frilled lizards
  5 rats
  A spectral hobgoblin (D:1)
118 creatures vanquished.

Notes
Turn   | Place    | Note
-------+----------+-------------------------------------------
     0 | D:1      | Peloso the Minotaur Fighter began the quest for the Orb.
     0 | D:1      | Reached XP level 1. HP: 19/19 MP: 0/0
   139 | D:1      | Reached XP level 2. HP: 26/27 MP: 1/1
   331 | D:1      | Found a faded altar of an unknown god.
   388 | D:1      | Reached XP level 3. HP: 23/33 MP: 2/2
  1012 | D:2      | Found a white marble altar of Elyvilon.
  1275 | D:2      | You fall into a shaft and drop 1 floor!
  1345 | D:3      | Reached XP level 4. HP: 34/40 MP: 3/3
  2503 | D:3      | Reached XP level 5. HP: 28/47 MP: 4/4
  3032 | D:2      | Identified a scroll of acquirement
  3087 | D:4      | Noticed Blork the orc
  3101 | D:4      | Killed Blork the orc
  3102 | D:4      | Reached skill level 5 in Armour
  3102 | D:4      | Reached skill level 1 in Dodging
  3379 | D:4      | Reached XP level 6. HP: 47/53 MP: 5/5
  3987 | D:4      | Reached skill level 5 in Fighting
  3995 | D:4      | Identified the +6 quarterstaff "Xyut" {drain, rF+}
  4195 | D:5      | Entered Level 5 of the Dungeon
  4197 | D:5      | Noticed Eustachio
  4201 | D:5      | Reached skill level 5 in Long Blades
  4229 | D:5      | Killed Eustachio
  4230 | D:5      | Reached skill level 5 in Shields
  4230 | D:5      | Reached XP level 7. HP: 31/61 MP: 6/6
  4455 | D:5      | Noticed Duvessa
  4456 | D:5      | Noticed Dowan
  4461 | D:5      | Killed Duvessa
  4465 | D:5      | Killed Dowan
  4745 | D:5      | Mangled by an ogre

Illustrated notes

Levels and vault maps discovered:
D:1:      dpeg_arrival_arbitrary_a, layout_rooms,
          dreamdust_ecumenical_altar_drowned_temple
D:2:      layout_basic, basic_altar, grunt_ministairs_2, st_stairs_9,
          corner_web_ring
D:3:      layout_rooms
D:4:      layout_rooms, uniq_blork_the_orc
D:5:      layout_rooms, cheibrodos_gnoll_hut, uniq_eustachio, uniq_duvessa

Skill      XL: |  1  2  3  4  5  6  7 |
---------------+----------------------+-----
Shields        | 4 5 |  5.4
Armour         | 4 5 6 |  6.8
Fighting       | 4 5 |  5.8
Long Blades    | 3 4 5 6 |  6.4
Dodging        | 1 2 |  2.1
Stealth        | |  0.4

Action                   |  1- 3 |  4- 6 |  7- 9 || total
-------------------------+-------+-------+-------++-------
Melee: Long sword        |   117 |   158 |    33 ||   308
       Headbutt          |    14 |    20 |     8 ||    42
  Use: Scroll            |       |     5 |       ||     5
       Potion            |       |     4 |     1 ||     5
Armor: Scale mail        |    76 |    50 |       ||   126
       Chain mail        |       |    39 |    26 ||    65
Dodge: Dodged            |    61 |    82 |    20 ||   163
Block: Buckler           |    35 |    40 |    13 ||    88
